 Dungeon Crawl Stone Soup version 0.22.0-75-g3901e79 (webtiles) character file.

6041 dvd the Basher (level 10, 0/96 HPs)
             Began as a Troll Gladiator on Sept 13, 2018.
             Was an Elder of Dithmenos.
             Slain by a killer bee (1 damage)
             ... on level 10 of the Dungeon.
             The game lasted 00:19:49 (6830 turns).

dvd the Basher (Troll Gladiator)                    Turns: 6830, Time: 00:19:52

Health: 0/96       AC:  7    Str: 33 (35) XL:     10   Next: 56%
Magic:  9/9        EV: 12    Int:  4 (6)  God:    Dithmenos [****..]
Gold:   489        SH:  0    Dex: 16 (17) Spells: 9/9 levels left

rFire    . . .     SeeInvis .   a - +9 dire flail of Eternity {flame, Str+6 Int+2 Dex+3 Stlth+}
rCold    . . .     Gourm    +   (shield currently unavailable)
rNeg     . . .     Faith    .   x - +0 robe {Archmagi}
rPois    +         Spirit   .   v - +2 hat
rElec    .         Reflect  .   (no cloak)
rCorr    .         Harm     .   (gloves unavailable)
MR       +....                  (boots unavailable)
Stlth    +++.......             (no amulet)
HPRegen  0.66/turn              O - ring of protection from magic
MPRegen  0.11/turn              k - ring of poison resistance

@: confused, mighty, lethally poisoned (0 -> -4), wreathed by umbra
A: large, unfitting armour, claws 3, fast metabolism 3, gourmand, regeneration
1, shaggy fur 1, tough skin 2
a: Shadow Step, Renounce Religion


You were on level 10 of the Dungeon.
You worshipped Dithmenos.
Dithmenos was greatly pleased with you.
You were completely stuffed.

You visited 1 branch of the dungeon, and saw 10 of its levels.

You collected 489 gold pieces.

Inventory:

Hand Weapons
 a - the +9 dire flail of Eternity (weapon) {flame, Str+6 Int+2 Dex+3 Stlth+}
   (You took it off an ogre on level 3 of the Dungeon)

   It has been specially enchanted to burn those struck by it, causing extra
   injury to most foes and up to half again as much damage against particularly
   susceptible opponents.
   It affects your strength (+6).
   It affects your intelligence (+2).
   It affects your dexterity (+3).
   It makes you more stealthy.
 y - a +0 war axe
 B - a +0 whip of freezing
 L - a +0 flail of venom
 S - a +0 battleaxe
Missiles
 d - 5 throwing nets
 o - 2 large rocks
 F - a tomahawk of returning (quivered)
 Q - 3 tomahawks
Armour
 b - a +0 robe
 v - a +2 hat (worn)
 x - a +0 robe of the Archmagi (worn)
Jewellery
 c - a +3 ring of dexterity
 k - a ring of poison resistance (right claw)
 H - the ring "Zuggiff Naix" {Fire rPois Str-4 Int+2 Stlth+}
   (You found it on level 7 of the Dungeon)

   [ring of fire]

   It enhances your fire magic.
   It affects your strength (-4).
   It affects your intelligence (+2).
   It protects you from fire.
   It makes you vulnerable to cold.
   It protects you from poison.
   It makes you more stealthy.
 M - an uncursed ring of resist corrosion
 O - a ring of protection from magic (left claw)
Wands
 n - a wand of iceblast (15)
 s - a wand of acid (7)
 z - a wand of flame (14)
 G - a wand of polymorph (9)
 N - a wand of random effects (7)
Scrolls
 e - 6 scrolls of remove curse {unknown}
 g - 9 scrolls of identify {unknown}
 h - 2 scrolls of random uselessness {unknown}
 j - 2 scrolls of noise
 l - 3 scrolls of blinking {unknown}
 q - 7 scrolls of teleportation {unknown}
 t - 2 scrolls of amnesia {unknown}
 u - a scroll of enchant weapon {unknown}
 I - a scroll of summoning {unknown}
 P - a scroll of magic mapping {unknown}
Potions
 i - a potion of agility {unknown}
 m - 6 potions of degeneration
 p - 2 potions of might
 r - 3 potions of ambrosia
 w - 2 potions of flight {unknown}
 A - 2 potions of haste {unknown}
 C - a potion of heal wounds {unknown}
 D - a potion of mutation {unknown}
 E - a potion of magic {unknown}
 J - 2 potions of resistance {unknown}
 K - a potion of curing {unknown}
 R - a potion of berserk rage {unknown}
 T - a potion of brilliance {unknown}
Comestibles
 f - 29 rations
 U - 3 chunks of flesh


   Skills:
 + Level 5.4 Fighting
 + Level 6.7(8.5) Axes
 + Level 8.8(9.9) Maces & Flails
 + Level 3.2 Throwing
 + Level 4.6 Dodging
 + Level 3.6 Stealth


You had 9 spell levels left.
You didn't know any spells.
Your spell library contained the following spells:

 Spells                   Type           Power        Failure   Level  Hunger
 Summon Butterflies       Summ           #.......     50%         1    ##.....
 Call Canine Familiar     Summ           #.......     86%         3    ####...
 Summon Ice Beast         Ice/Summ       #.......     99%         4    #####..
 Summon Mana Viper        Hex/Summ       #.......     100%        5    ######.
 Summon Hydra             Summ           #.........   100%        7    #######


Dungeon Overview and Level Annotations

Branches:
Dungeon (10/15)            Temple (0/1) D:5            Lair (0/6) D:8
    Orc: D:9-12

Altars:
Dithmenos
Elyvilon
Gozag
Kikubaaqudgha
Nemelex Xobeh
Vehumet
Wu Jian
Xom
The Shining One

Shops:
D:4 ?   D:5 ?   D:6 *   D:7 *


Innate Abilities, Weirdness & Mutations

You are too large for most types of armour.
You have claws for hands.
Your metabolism is lightning-fast.
You like to eat raw meat.
Your natural rate of healing is unusually fast.
You are covered in fur. (AC +1)
You have very tough skin. (AC +2)


Message History

* * * LOW HITPOINT WARNING * * *
You are poisoned.
The killer bee poisons you! The killer bee stings you.
* * * LOW HITPOINT WARNING * * *
The bullfrog closely misses you.
It was a potion of ambrosia.
You are confused.
You feel invigorated.
You feel sick. The killer bee misses you. The killer bee stings you.
* * * LOW HITPOINT WARNING * * *
The centaur warrior zombie completely misses you.
The bullfrog misses you. The killer bee barely misses you.
The killer bee misses you.
It was a potion of might.
You feel very mighty all of a sudden.
You feel sick. The killer bee stings you.
* * * LOW HITPOINT WARNING * * *
You are lethally poisoned!
The killer bee poisons you! The killer bee stings you.
You die...

####+#####
.........#
...<.....#
.........#
.......<.#
......yyZ#
......F@.#
.........#
.$......>#
######+###


You could see a bullfrog, 2 killer bees and a centaur warrior zombie.

Vanquished Creatures
  Harold (D:9)
  Pikel (D:4)
  A komodo dragon (D:8)
  A troll (D:9)
  A hornet (D:7)
  Prince Ribbit (D:6)
  Sigmund (D:3)
  Menkaure (D:4)
  A water moccasin (D:9)
  A sky beast (D:9)
  Duvessa (D:6)
  2 ice beasts
  An eye of draining (D:9)
  2 orc warriors
  8 ogres
  3 slaves (D:4)
  A necrophage (D:9)
  A centaur (D:9)
  The ghost of Folque the Sneak, an amateur OpWz (D:3)
  A big kobold (D:8)
  A gnoll sergeant (D:9)
  6 bullfrogs
  A wyvern zombie (D:9)
  2 scorpions
  Dowan (D:6)
  3 killer bees (D:10)
  A crimson imp (D:7)
  2 quasits
  A bullfrog zombie (D:6)
  4 hounds
  2 centaur zombies
  2 centaur skeletons
  5 jellies
  An orc priest (D:8)
  8 orc wizards
  Jessica (D:2)
  4 worker ants
  A hound zombie (D:6)
  Robin (D:4)
  8 gnolls
  A howler monkey skeleton (D:8)
  6 adders
  3 shadow imps
  2 oozes
  An adder zombie (D:5)
  An adder skeleton (D:6)
  A worm (D:2)
  5 dart slugs
  5 leopard geckos
  28 orcs
  8 bats
  6 giant cockroaches
  12 hobgoblins
  5 quokkas
  2 ball pythons
  2 frilled lizards
  18 goblins
  2 goblin zombies (D:8)
  8 kobolds
  4 kobold skeletons (D:8)
  A kobold zombie (D:8)
  A leopard gecko skeleton (D:4)
  A leopard gecko zombie (D:7)
  3 orc skeletons (D:8)
  An orc zombie (D:8)
  A quokka skeleton (D:5)
  8 rats
  A plant (D:8)
223 creatures vanquished.

Vanquished Creatures (others)
  A plant (D:8)
1 creature vanquished.

Grand Total: 224 creatures vanquished

Notes
Turn   | Place    | Note
-------+----------+-------------------------------------------
     0 | D:1      | dvd the Troll Gladiator began the quest for the Orb.
     0 | D:1      | Reached XP level 1. HP: 19/19 MP: 0/0
   109 | D:1      | Reached XP level 2. HP: 27/27 MP: 1/1
   291 | D:1      | Reached XP level 3. HP: 27/35 MP: 2/2
   526 | D:2      | Noticed Jessica
   544 | D:2      | Killed Jessica
   618 | D:2      | Reached XP level 4. HP: 42/42 MP: 3/3
  1421 | D:3      | Found a faded altar of an unknown god.
  1434 | D:3      | Reached XP level 5. HP: 21/49 MP: 4/4
  1525 | D:3      | Became a worshipper of Dithmenos the Shadowed
  1525 | D:3      | Reached * piety under Dithmenos
  1564 | D:3      | You fall through a shaft for 2 floors!
  1564 | D:5      | Entered Level 5 of the Dungeon
  1654 | D:4      | Noticed Robin
  1691 | D:4      | Killed Robin
  1781 | D:4      | Found a sparkling altar of Nemelex Xobeh.
  1970 | D:4      | Noticed Menkaure
  1980 | D:4      | Killed Menkaure
  1980 | D:4      | Reached XP level 6. HP: 31/59 MP: 5/5
  2009 | D:4      | Found Varph's Magic Scroll Shop.
  2032 | D:4      | Noticed a slave
  2152 | D:4      | Noticed Pikel
  2152 | D:4      | Noticed a slave
  2152 | D:4      | Noticed a slave
  2152 | D:4      | Noticed a slave
  2225 | D:3      | Noticed Sigmund
  2235 | D:3      | Killed Sigmund
  2235 | D:3      | Reached skill level 5 in Axes
  2366 | D:3      | Reached ** piety under Dithmenos
  2399 | D:3      | Found a transporter.
  2413 | D:3      | Noticed Folque's ghost (amateur OpWz)
  2561 | D:3      | Found a transporter.
  2854 | D:3      | Reached XP level 7. HP: 55/67 MP: 6/6
  2969 | D:3      | Got a shimmering dire flail {flame}
  2970 | D:3      | Identified the +9 dire flail of Eternity {flame, Str+6
                  | Int+2 Dex+3 Stlth+} (You took it off an ogre on level 3 of
                  | the Dungeon)
  2981 | D:3      | Killed Folque's ghost
  3086 | D:4      | Killed Pikel
  3086 | D:4      | Reached skill level 2 in Maces & Flails
  3086 | D:4      | Reached skill level 1 in Stealth
  3086 | D:4      | Reached XP level 8. HP: 59/78 MP: 7/7
  3422 | D:5      | Reached skill level 3 in Maces & Flails
  3542 | D:5      | Found Beock's Magic Scroll Emporium.
  3739 | D:5      | Found a staircase to the Ecumenical Temple.
  3787 | D:6      | Found Boir's Assorted Antiques.
  3835 | D:6      | Reached skill level 4 in Maces & Flails
  4156 | D:6      | Reached XP level 9. HP: 64/84 MP: 8/8
  4158 | D:6      | Reached skill level 5 in Maces & Flails
  4317 | D:6      | Noticed Prince Ribbit
  4409 | D:6      | Found an ornate altar of the Wu Jian Council.
  4467 | D:6      | Reached *** piety under Dithmenos
  4471 | D:6      | Killed Prince Ribbit
  4498 | D:6      | Found a shimmering altar of Xom.
  4498 | D:6      | Found an ancient bone altar of Kikubaaqudgha.
  4502 | D:6      | Noticed Dowan
  4504 | D:6      | Noticed Duvessa
  4510 | D:6      | Killed Dowan
  4514 | D:6      | Killed Duvessa
  4699 | D:7      | Found a white marble altar of Elyvilon.
  4745 | D:7      | Found an opulent altar of Gozag.
  4787 | D:7      | Reached skill level 6 in Maces & Flails
  5074 | D:7      | Found Yblauf's General Store.
  5075 | D:7      | Got a twitching pewter ring
  5077 | D:7      | Identified the ring "Zuggiff Naix" {Fire rPois Str-4 Int+2
                  | Stlth+} (You found it on level 7 of the Dungeon)
  5211 | D:7      | Found a radiant altar of Vehumet.
  5485 | D:8      | Found a glowing golden altar of the Shining One.
  5649 | D:8      | Reached **** piety under Dithmenos
  5715 | D:8      | Reached skill level 7 in Maces & Flails
  5975 | D:8      | Found a staircase to the Lair.
  5976 | D:8      | Noticed a komodo dragon
  5994 | D:8      | Killed a komodo dragon
  5994 | D:8      | Reached XP level 10. HP: 85/94 MP: 9/9
  6210 | D:9      | Noticed Harold
  6219 | D:9      | Killed Harold
  6219 | D:9      | Reached skill level 5 in Fighting
  6219 | D:9      | Reached skill level 8 in Maces & Flails
  6815 | D:10     | Entered Level 10 of the Dungeon
  6829 | D:10     | HP: 2/96 [killer bee (6)]
  6830 | D:10     | Slain by a killer bee

Skill      XL: |  1  2  3  4  5  6  7  8  9 10 |
---------------+-------------------------------+-----
Axes           | 3 4 5 6 |  6.7
Fighting       | 2 3 4 5 |  5.4
Dodging        | 3 4 |  4.6
Maces & Flails | 2 4 7 8 |  8.8
Stealth        | 1 2 3 |  3.6
Throwing       | 3 |  3.2

Action                   |  1- 3 |  4- 6 |  7- 9 | 10-12 || total
-------------------------+-------+-------+-------+-------++-------
Melee: War axe           |    85 |   172 |     7 |       ||   264
       Dire flail        |       |       |   200 |    70 ||   270
Throw: Tomahawk          |       |       |    33 |     1 ||    34
       Throwing net      |       |       |     1 |       ||     1
  Use: Potion            |       |       |       |     3 ||     3
       Scroll            |       |       |       |     1 ||     1
 Stab: Sleeping          |       |     2 |    18 |     8 ||    28
       Distracted        |       |       |     1 |       ||     1
  Eat: Chunk             |    11 |    20 |    30 |     8 ||    69
Armor: Robe              |    39 |    58 |    41 |    13 ||   151
Dodge: Dodged            |    59 |   126 |   117 |    73 ||   375
